 Dungeon Crawl Stone Soup version 0.20-a0-454-g2b43fbb (webtiles) character file.

11 M4edhros the Grave Robber (level 2, -2/17 HPs)
             Began as an Octopode Necromancer on Jan 9, 2017.
             Slain by a kobold
             ... wielding a +0 short sword
              (8 damage)
             ... on level 3 of the Dungeon.
             The game lasted 00:00:52 (130 turns).

M4edhros the Grave Robber (Octopode Necromancer)     Turns: 130, Time: 00:00:52

Health: -2/17      AC:  1    Str:  7    XL:     2   Next: 25%
Magic:  0/5        EV: 13    Int: 17    God:
Gold:   0          SH:  0    Dex: 12    Spells: 4/5 levels left

rFire  . . .     SeeInvis .       - Unarmed
rCold  . . .     Gourm    .     (no shield)
rNeg   . . .     Faith    .     (helmet restricted)
rPois  .         Spirit   .     (no amulet)
rElec  .         Reflect  .     (no ring)
rCorr  .         Harm     .     (no ring)
MR     .....                    (no ring)
Stlth  +++.......               (no ring)
                                (no ring)
                                (no ring)
                                (no ring)
                                (no ring)

@: no status effects
A: almost no armour, stealthy swim, amphibious, 8 rings, constrict 8, camouflage
1, gelatinous body 1
a: no special abilities


You were on level 3 of the Dungeon.
You were not hungry.

You visited 1 branch of the dungeon, and saw 3 of its levels.

Inventory:

Wands
 d - a wand of random effects (30/48)
Scrolls
 c - a scroll of fear {unknown}
Books
 a - a book of Necromancy

   Spells                             Type                      Level
   a - Pain                           Necromancy                   1
   b - Animate Skeleton               Necromancy                   1
   c - Vampiric Draining              Necromancy                   3
   d - Regeneration                   Charms/Necromancy            3
   e - Animate Dead                   Necromancy                   4
   f - Control Undead                 Necromancy                   4
Comestibles
 b - a bread ration


   Skills:
 - Level 2.0 Dodging
 - Level 2.6 Stealth
 + Level 1.8 Unarmed Combat
 - Level 2.0 Spellcasting
 - Level 4.0 Necromancy


You had 4 spell levels left.
You knew the following spells:

 Your Spells              Type           Power        Failure   Level  Hunger
a - Pain                  Necr           ###.         3%          1    #......


Dungeon Overview and Level Annotations

Branches:
Dungeon (3/15)

Altars:

Annotations:
D:3 Sigmund


Innate Abilities, Weirdness & Mutations

You cannot wear most types of armour.
You are very stealthy in the water. (Stealth+)
You are amphibious.
You can wear up to eight rings at the same time.
You can use your tentacles to constrict eight enemies at once.
Your skin changes colour to match your surroundings (Stealth+).
Your rubbery body absorbs attacks. (AC +1, EV +1)


Message History

The hobgoblin shouts!
Sigmund the Dreaded comes into view.
He is wielding a scythe.
You aren't carrying any potions.
You aren't carrying any pieces of jewellery.
Okay, then.
Casting: Pain
Confirm with . or Enter, or press ? or * to list all spells.
Aiming: Pain
Press: ? - help, Shift-Dir - straight line, f - hobgoblin
Aim: a hobgoblin, wielding a club (chance to defeat MR: 85%)
The hobgoblin writhes in agony!
You kill the hobgoblin!
A kobold comes into view. It is wielding a short sword.
Casting: Pain
Confirm with . or Enter, or press ? or * to list all spells.
Aiming: Pain
Press: ? - help, Shift-Dir - straight line, f - kobold
Aim: a kobold, wielding a short sword (hasn't noticed you, chance to defeat MR: 85%)
The kobold writhes in agony!
The kobold hits you with a short sword!
You die...

########### ###
##.......... ..#
##.....#### #.# ##
#.......#######[##..
##................#.#
...#...#########@.#.#
......## #K.#.#
####### #..#.#
#†.#.##### #........#
.. #<##.###.# ...
#.##.###.# ###.. .#
#.##.....### ....#
#.#### #.##.........


You could see a kobold.

Vanquished Creatures
  An orc (D:3)
  A goblin (D:3)
  A hobgoblin (D:3)
  A kobold (D:3)
  3 bats
  3 rats
10 creatures vanquished.

Notes
Turn   | Place    | Note
-------+----------+-------------------------------------------
     0 | D:1      | M4edhros the Octopode Necromancer began the quest for the Orb.
     0 | D:1      | Reached XP level 1. HP: 11/11 MP: 3/3
    53 | D:3      | Reached skill level 1 in Unarmed Combat
    79 | D:3      | Reached XP level 2. HP: 9/17 MP: 1/5
   113 | D:3      | Noticed Sigmund
   130 | D:3      | Slain by a kobold

Vault maps used:
D:1:      shiori_shiawase
D:2:      uniq_robin
D:3:      grunt_temple_overflow_open, uniq_jessica, uniq_sigmund

Skill      XL: |  1 |
---------------+----+-----
Unarmed Combat | 1 |  1.8
Dodging        | |  2.0
Stealth        | |  2.6
Spellcasting   | |  2.0
Necromancy     | |  4.0

Action                   || total
-------------------------++-------
Melee: Unarmed           ||     4
       Constrict         ||     1
 Cast: Pain              ||    12
 Stab: Sleeping          ||     2
Dodge: Dodged            ||     3
